Map: Abyssal Reef LE

Players

Elazer

  • Race: Zerg Zerg
  • Spawn Location: 11:00

PiLiPiLi - Winner!

  • Race: Protoss Protoss
  • Spawn Location: 5:00

Event: IEM XI Katowice - World Championship 2017

VOD

Have the link to the VOD?

Description

Time

  • Played on: Feb. 27, 2017, 1:44 p.m.
  • Length: 16:39

All games in this series

Show
View Real Time Build Order
Export as new Build Order

Elazer Zerg 

Build Orders: Pool First 

Get SALT Encoding   

  12  0:00  Drone  
  13  0:12  Overlord  
  13  0:17  Drone  
  14  0:30  Drone x2  
  14  0:34  Drone  
  17  0:44  Extractor, Drone  
  17  0:49  Spawning Pool  
  16  0:55  Drone  
  17  1:06  Drone  
  18  1:19  Hatchery  
  18  1:22  Drone  
  18  1:36  Queen  
  18  1:37  Zergling x2  
  21  1:44  Metabolic Boost  
  21  1:51  Overlord  
  21  1:54  Drone  
  22  2:11  Queen, Drone x2  
  26  2:34  Pneumatized Carapace  
  26  2:37  Drone  
  26  2:41  Hatchery  
  26  2:43  Drone  
  27  2:45  Drone  
  27  2:48  Drone  
  27  2:51  Zergling x2  
  30  2:53  Drone  
  31  2:59  Drone x2  
  31  3:03  Overlord  
  33  3:06  Drone  
  33  3:09  Drone  
  35  3:18  Drone  
  36  3:21  Queen  
  36  3:22  Drone  
  36  3:23  Drone  
  40  3:30  Drone x2  
  40  3:34  Overlord  
  42  3:36  Drone x2  
  44  3:49  Overlord  
  44  3:53  Drone  
  44  3:54  Evolution Chamber, Drone x3  
  44  3:55  Drone  
  48  3:57  Drone  
  48  3:59  Queen  
  51  4:04  Drone x3  
  51  4:05  Drone  
  51  4:08  Overlord  
  55  4:10  Drone  
  56  4:17  Drone x3  
  59  4:26  Zergling x6  
  59  4:30  Zerg Melee Weapons Level 1, Overlord  
  62  4:32  Drone x2  
  62  4:33  Spore Crawler  
  62  4:36  Spore Crawler  
  62  4:37  Queen  
  64  4:41  Overlord  
  64  4:42  Queen  
  64  4:45  Drone x2  
  67  4:48  Drone x2  
  70  4:53  Drone x2  
  70  4:57  Drone  
  70  4:58  Drone  
  70  4:59  Spore Crawler  
  73  5:00  Drone  
  73  5:02  Lair  
  73  5:03  Spore Crawler  
  73  5:07  Baneling Nest  
  73  5:09  Zergling x6  
  73  5:11  Drone x3  
  73  5:13  Drone  
  76  5:16  Zergling x6  
  76  5:19  Queen  
  81  5:23  Overlord  
  81  5:27  Extractor  
  81  5:28  Overlord  
  80  5:29  Drone  
  80  5:30  Drone  
  80  5:33  Overlord  
  80  5:39  Drone x2  
  80  5:42  Drone x3  
  84  5:45  Extractor x2  
  84  5:46  Extractor  
  84  5:48  Drone  
  79  5:50  Extractor, Drone  
  79  5:53  Baneling x2  
  79  5:54  Overlord  
  79  5:55  Zergling x12  
  84  6:04  Hydralisk Den  
  82  6:06  Drone x6  
  87  6:12  Overlord  
  87  6:14  Drone  
  87  6:17  Overlord  
  86  6:28  Drone  
  86  6:29  Centrifical Hooks, Overlord  
  86  6:30  Zerg Melee Weapons Level 2  
  86  6:31  Zergling x10  
  92  6:34  Hatchery  
  92  6:35  Hydralisk x3  
  97  6:45  Drone x2  
  99  6:48  Hydralisk x2, Muscular Augments  
  103  6:55  Zergling x2  
  103  6:56  Zergling x8  
  103  7:01  Drone x2  
  109  7:03  Hydralisk x4  
  109  7:06  Baneling  
  109  7:07  Baneling  
  117  7:10  Hydralisk  
  118  7:17  Hydralisk x2  
  118  7:19  Overlord  
  121  7:26  Hydralisk x3  
  121  7:29  Overlord  
  127  7:30  Drone  
  127  7:31  Spore Crawler, Hydralisk  
  127  7:35  Hydralisk  
  127  7:36  Hydralisk  
  133  7:41  Overlord x3  
  133  7:47  Hydralisk x3  
  133  7:51  Hydralisk x2  
  139  7:57  Zergling x10  
  139  7:58  Zergling x2  
  148  7:59  Baneling  
  148  8:00  Baneling x3  
  148  8:03  Zergling x4  
  148  8:05  Baneling x3  
  150  8:07  Baneling x3  
  150  8:10  Zergling x6  
  150  8:11  Zergling x2  
  154  8:17  Baneling x7  
  154  8:19  Zergling x8  
  158  8:27  Zergling x14  
  158  8:32  Overlord  
  163  8:35  Baneling x5  
  163  8:36  Baneling x6  
  161  8:42  Drone x4  
  161  8:43  Drone x2  
  161  8:45  Overlord  
  140  9:05  Hydralisk  
  140  9:06  Hydralisk x4  
  140  9:09  Hydralisk x6  
  116  9:12  Hydralisk  
  111  9:17  Zerg Missile Weapons Level 1  
  111  9:18  Drone x5  
  111  9:20  Extractor  
  111  9:21  Extractor  
  114  9:24  Hydralisk x2  
  114  9:30  Drone  
  114  9:31  Drone x3  
  121  9:32  Infestation Pit  
  121  9:38  Overlord  
  121  9:42  Hydralisk x2, Drone  
  126  9:47  Hatchery, Overlord  
  126  9:51  Zergling x4  
  126  9:52  Zergling x2  
  128  9:53  Zergling x6  
  128  9:54  Overlord  
  128  9:57  Hydralisk x2  
  135  10:01  Drone x2  
  135  10:05  Hydralisk x3  
  143  10:09  Zergling x6  
  146  10:17  Neural Parasite  
  146  10:20  Infestor x3  
  150  10:24  Baneling  
  150  10:25  Baneling x5  
  150  10:28  Overlord  
  150  10:30  Burrow  
  150  10:32  Hydralisk  
  150  10:39  Hydralisk x3  
  150  10:42  Overlord  
  156  10:46  Hydralisk x3  
  162  10:53  Baneling  
  162  10:54  Baneling x5  
  159  10:59  Infestor  
  159  11:02  Overlord  
  159  11:04  Drone x3  
  164  11:10  Drone x2  
  163  11:11  Spore Crawler  
  163  11:12  Zergling x2  
  163  11:13  Spore Crawler, Zergling x14  
  163  11:14  Infestor x2  
  163  11:15  Spore Crawler x2  
  163  11:16  Spore Crawler  
  163  11:18  Zergling x14  
  169  11:20  Zerg Missile Weapons Level 2  
  169  11:23  Evolution Chamber  
  174  11:27  Drone x3  
  174  11:31  Overseer  
  174  11:32  Overseer  
  177  11:45  Baneling x2  
  177  11:46  Baneling x7  
  177  11:51  Baneling x11  
  176  11:59  Hydralisk x5  
  173  12:14  Hydralisk x6  
  173  12:15  Hydralisk  
  140  12:23  Hydralisk x3  
  140  12:27  Hydralisk  
  129  12:34  Hydralisk  
  131  12:43  Hydralisk x3  
  131  12:44  Hydralisk x3  
  121  12:47  Hydralisk x3  
  121  13:03  Hydralisk x6  
  119  13:08  Hydralisk x3  
  121  13:13  Hydralisk x2  
  121  13:14  Zergling x22  
  121  13:18  Hydralisk x2  
  130  13:24  Hydralisk x2  
  133  13:29  Hydralisk  
  133  13:34  Hydralisk x2  
  133  13:43  Hydralisk x3  
  126  13:53  Hydralisk  
  126  13:54  Hydralisk x3  
  114  14:01  Hydralisk x2  
  95  14:03  Hydralisk  
  95  14:05  Hydralisk  
  95  14:08  Hydralisk  
  100  14:13  Hydralisk  
  100  14:17  Hydralisk  
  101  14:21  Hydralisk  
  101  14:24  Hydralisk  
  106  14:29  Hydralisk  
  108  14:38  Hatchery  
  107  14:47  Hatchery  
  107  14:50  Hydralisk  
  108  14:54  Infestor  
  108  14:58  Infestor  
  112  15:03  Infestor  
  112  15:06  Infestor  
  116  15:11  Infestor  
  118  15:16  Hydralisk  
  118  15:20  Hydralisk  
  122  15:23  Hydralisk  
  124  15:29  Overseer  
  124  15:35  Hydralisk x2  
  124  15:39  Hydralisk  
  130  15:44  Hydralisk  
  132  15:52  Hydralisk x2  
  132  15:55  Hydralisk  
  138  16:05  Hydralisk  
  138  16:07  Hydralisk  
  138  16:09  Hydralisk  
Show
View Real Time Build Order
Export as new Build Order

PiLiPiLi Protoss - Winner!

Build Orders: 1 Gate Expand 

Get SALT Encoding   

  12  0:01  Probe (Chrono Boost)  
  13  0:11  Probe (Chrono Boost)  
  14  0:18  Pylon  
  14  0:22  Probe (Chrono Boost)  
  15  0:36  Probe (Chrono Boost)  
  15  0:38  Gateway  
  16  0:43  Assimilator  
  16  0:48  Probe (Chrono Boost)  
  17  0:58  Probe (Chrono Boost)  
  18  1:09  Probe (Chrono Boost)  
  19  1:20  Nexus  
  19  1:23  Probe (Chrono Boost)  
  20  1:34  Cybernetics Core  
  20  1:37  Probe (Chrono Boost)  
  21  1:47  Assimilator  
  21  1:48  Probe (Chrono Boost)  
  21  1:52  Pylon  
  22  1:58  Probe (Chrono Boost)  
  23  2:08  Warp Gate  
  23  2:11  Zealot, Mothership Core (Chrono Boost)  
  28  2:30  Probe (Chrono Boost)  
  28  2:33  Probe (Chrono Boost)  
  29  2:38  Adept  
  29  2:40  Probe (Chrono Boost)  
  33  2:45  Probe (Chrono Boost)  
  33  2:51  Gateway, Probe (Chrono Boost)  
  34  2:57  Probe (Chrono Boost), Gateway  
  35  3:02  Probe (Chrono Boost)  
  35  3:03  Adept  
  36  3:10  Probe (Chrono Boost)  
  39  3:14  Pylon  
  39  3:18  Probe (Chrono Boost)  
  40  3:23  Probe (Chrono Boost)  
  41  3:29  Probe (Chrono Boost)  
  41  3:32  Stargate  
  41  3:33  Stargate  
  42  3:35  Probe (Chrono Boost)  
  42  3:39  Assimilator  
  42  3:40  Probe (Chrono Boost)  
  44  3:44  Assimilator  
  44  3:47  Probe (Chrono Boost)  
  45  3:51  Probe (Chrono Boost)  
  46  3:59  Probe (Chrono Boost)  
  46  4:02  Probe (Chrono Boost)  
  48  4:08  Pylon  
  48  4:11  Probe (Chrono Boost)  
  48  4:13  Phoenix x2  
  53  4:19  Probe (Chrono Boost), Protoss Air Weapons Level 1  
  54  4:27  Pylon  
  54  4:28  Probe (Chrono Boost)  
  56  4:32  Probe (Chrono Boost)  
  56  4:33  Adept x3  
  62  4:41  Phoenix x2  
  66  4:48  Probe (Chrono Boost)  
  66  4:49  Probe (Chrono Boost)  
  68  4:59  Nexus  
  68  5:03  Probe (Chrono Boost)  
  68  5:05  Probe (Chrono Boost)  
  70  5:09  Phoenix  
  70  5:18  Pylon  
  70  5:33  Phoenix x2  
  70  5:37  Pylon  
  70  5:38  Probe x2 (Chrono Boost)  
  74  5:50  Probe x2 (Chrono Boost)  
  74  5:51  Adept  
  74  5:52  Adept x2  
  74  5:54  Phoenix  
  78  6:00  Fleet Beacon  
  78  6:02  Probe x2 (Chrono Boost)  
  82  6:05  Phoenix  
  84  6:14  Probe x2 (Chrono Boost)  
  84  6:16  Phoenix  
  84  6:17  Probe (Chrono Boost)  
  89  6:26  Probe x2 (Chrono Boost)  
  89  6:28  Pylon, Probe (Chrono Boost)  
  92  6:34  Carrier, Stargate  
  92  6:35  Assimilator  
  92  6:38  Probe (Chrono Boost)  
  92  6:39  Assimilator, Probe x2 (Chrono Boost)  
  95  6:44  Pylon  
  99  6:49  Probe (Chrono Boost)  
  99  6:50  Carrier, Probe (Chrono Boost)  
  101  6:56  Pylon  
  101  7:06  Carrier, Forge  
  113  7:24  Pylon  
  113  7:25  Adept x2  
  113  7:26  Adept  
  119  7:33  Graviton Catapult  
  119  7:48  Carrier  
  119  7:50  Photon Cannon  
  119  7:51  Photon Cannon  
  119  8:01  Photon Cannon  
  119  8:02  Photon Cannon  
  119  8:03  Photon Cannon  
  125  8:05  Photon Cannon  
  125  8:06  Protoss Air Weapons Level 2  
  125  8:11  Photon Cannon  
  125  8:13  Carrier  
  125  8:14  Photon Cannon  
  125  8:15  Adept  
  125  8:18  Photon Cannon  
  127  8:25  Pylon  
  133  8:32  Carrier  
  130  8:40  Pylon x2  
  109  9:05  Adept x2  
  109  9:06  Adept  
  104  9:11  Probe x2 (Chrono Boost)  
  104  9:12  Probe (Chrono Boost)  
  103  9:19  Photon Cannon  
  103  9:21  Photon Cannon  
  103  9:23  Probe x2 (Chrono Boost)  
  106  9:24  Probe (Chrono Boost)  
  106  9:29  Adept  
  106  9:30  Carrier, Adept  
  110  9:32  Adept  
  118  9:49  Twilight Council, Carrier  
  118  9:52  Adept x3  
  130  10:24  Pylon x2  
  130  10:26  Resonating Glaives, Pylon  
  130  10:28  Templar Archives  
  130  10:30  Carrier  
  136  10:45  Carrier  
  136  10:51  Stargate  
  136  10:55  Adept  
  144  10:58  Photon Cannon  
  144  10:59  Photon Cannon  
  144  11:10  Oracle  
  144  11:15  Adept  
  144  11:16  Adept x2  
  153  11:40  Nexus  
  153  11:43  Pylon, Void Ray  
  153  11:44  Pylon  
  157  11:50  Carrier  
  155  12:03  Carrier  
  155  12:04  Carrier  
  139  12:26  Adept, Void Ray  
  139  12:27  Adept x2  
  139  12:29  Photon Cannon  
  145  12:43  Photon Cannon  
  145  12:58  Adept x3  
  134  13:10  Carrier  
  130  13:19  Oracle  
  124  13:22  Adept x3  
  124  13:26  Oracle  
  126  13:49  Carrier  
  126  13:53  Adept x3  
  120  13:55  Psionic Storm  
  108  14:16  Carrier  
  106  14:22  Carrier  
  106  14:23  Adept x3  
  112  14:26  Assimilator  
  112  14:30  Assimilator  
  126  14:41  Mothership Core (Chrono Boost)  
  126  14:44  High Templar x3  
  132  14:48  Carrier  
  138  15:16  High Templar  
  138  15:17  High Templar x2, Photon Cannon x2  
  144  15:29  Pylon  
  150  15:38  Photon Cannon  
  150  15:39  Photon Cannon  
  150  15:45  Pylon  
  150  15:53  Adept x3  

Tags
 
Add a new tag
Caveats
  • Supply blocks, unpowered buildings, or Contaminate may cause inaccurate times.
  • Supply counts are checked every 10 seconds.